 Dungeon Crawl Stone Soup version 0.29.1-1-gd02db69 (webtiles) character file.

Game seed: 1838095035861366539

494 Kel the Chopper (level 7, -8/41 HPs)
             Began as a Gargoyle Berserker on Nov 26, 2022.
             Was a Priest of Trog.
             Mangled by an ogre
             ... wielding a +0 giant club
              (25 damage)
             ... on level 5 of the Dungeon.
             The game lasted 00:05:07 (4991 turns).

Kel the Chopper (Gargoyle Berserker)                Turns: 4991, Time: 00:05:08

Health: -8/41      AC: 11    Str: 22    XL:     7   Next: 15%
Magic:  7/7        EV: 11    Int:  8    God:    Trog [***...]
Gold:   300        SH:  0    Dex:  9    Spells: 6/6 levels left

rFire   + . .      SeeInvis .   a - +0 hand axe
rCold   . . .      Faith    .   (no shield)
rNeg    + . .      Spirit   .   s - +0 ring mail
rPois   ∞          Reflect  .   (no helmet)
rElec   +          Harm     .   x - scarf {shadows}
rCorr   .          Rampage  .   (no gloves)
Will    .....                   u - +0 pair of boots
Stlth   ..........              (no amulet)
HPRegen 0.13/turn               k - ring of protection from fire
MPRegen 0.10/turn               (no ring)

@: no status effects
A: sickness immunity, AC +4, negative energy resistance 1, electricity
resistance, torment resistance 1, petrification resistance
a: Renounce Religion, Berserk, Trog's Hand


You were on level 5 of the Dungeon.
You worshipped Trog.
Trog was most pleased with you.
You visited 1 branch of the dungeon, and saw 5 of its levels.

You collected 300 gold pieces.

Inventory:

Hand Weapons
 a - a +0 hand axe (weapon)
Armour
 s - a +0 ring mail (worn)
 u - a +0 pair of boots (worn)
 x - a scarf of shadows (worn)
Jewellery
 k - a ring of protection from fire (left hand)
 B - a ring of ice
Scrolls
 b - a scroll of enchant armour {unknown}
 c - 2 scrolls of identify {unknown}
 g - 3 scrolls of teleportation {unknown}
 i - 2 scrolls of magic mapping {unknown}
 j - a scroll of fear {unknown}
 n - a scroll of amnesia {unknown}
 q - a scroll of noise {unknown}
 t - a scroll of summoning {unknown}
 v - a scroll of silence {unknown}
 y - a scroll of enchant weapon {unknown}
 z - a scroll of poison {unknown}
 A - a scroll of torment {unknown}
Potions
 d - a potion of cancellation {unknown}
 e - a potion of ambrosia {unknown}
 f - 3 potions of magic {unknown}
 h - a potion of attraction {unknown}
 l - 4 potions of curing {unknown}
 m - a potion of might {unknown}
 o - 3 potions of flight {unknown}
 p - a potion of invisibility {unknown}
 r - a potion of haste {unknown}
 w - a potion of mutation {unknown}
 C - a potion of brilliance {unknown}


   Skills:
 - Level 3.2 Fighting
 + Level 7.2 Axes
 - Level 2.1 Armour
 - Level 1.5 Dodging


You had 6 spell levels left.
You didn't know any spells.
Your spell library was empty.

Dungeon Overview and Level Annotations

Branches:
Dungeon (5/15)
 Temple: D:4-7

Altars:
Zin

Shops:
D:1 (:(:?   D:2 (   D:3 *


Innate Abilities, Weirdness & Mutations

You are immune to sickness and miasma.
Your stone body is resilient. (AC +4)
You are immune to poison.
You resist negative energy. (rN+)
You are resistant to electric shocks. (rElec)
You are resistant to unholy torment.
You are immune to petrification.


Message History

The orc priest hits you but does no damage.
You hit the orc priest but do no damage.
The orc priest is almost dead.
You hit the orc priest. The orc priest completely misses you.
The orc priest looks encouraged for a moment.
You hit the orc priest.
You kill the orc priest!
Trog accepts your kill.
You hit the orc priest.
You kill the orc priest!
Trog accepts your kill.
HP restored.
C - a silvery potion You now have 300 gold pieces (gained 7).
Things that are here:
a +0 mace; a +0 leather armour Done exploring.
Done exploring.
Unknown command.
(D) Dungeon
Where to? (Enter - D:4, ? - help)
There is a stone staircase leading down here.
You climb downwards.
The ogre shouts!
The adder hisses angrily.
The gnoll shouts! x2
Found 12 gold pieces.
Found an escape hatch in the ceiling.
There is a stone staircase leading up here.
There are monsters nearby!
You climb upwards.
There is a stone staircase leading down here.
No target in view!
You climb downwards.
The ogre hits you with a +0 giant club!!
The adder misses you. The gnoll closely misses you.
The gnoll hits you with a +0 flail. The gnoll closely misses you.
The gnoll hits you but does no damage. The gnoll hits you with a +0 whip.
The adder bites you but does no damage.
There is a stone staircase leading up here.
The ogre hits you with a +0 giant club!!
Ouch! That really hurt!
You die...

#######
##.....##
..#..S....##
.....g@....#
...8.gOg.8.#
.#.........#
.....8.8.....
.#.........$.
#.8.....8...
#....<......


You could see an ogre, 3 gnolls and an adder.

Vanquished Creatures
  A phantom (D:4)
  A scorpion (D:3)
  A hound (D:4)
  5 orc priests (D:4)
  An iguana (D:4)
  7 adders
  A worm (D:4)
  2 dart slugs
  6 orcs
  6 ball pythons
  7 bats
  7 endoplasms
  3 giant cockroaches
  7 goblins
  14 hobgoblins
  2 jackals (D:3)
  5 frilled lizards
  5 kobolds
  7 rats
88 creatures vanquished.

Notes
Turn   | Place    | Note
-------+----------+-------------------------------------------
     0 | D:1      | Kel the Gargoyle Berserker began the quest for the Orb.
     0 | D:1      | Reached XP level 1. HP: 14/14 MP: 1/1
   375 | D:1      | Reached skill level 3 in Axes
   574 | D:1      | Reached XP level 2. HP: 17/19 MP: 2/2
   876 | D:1      | Found Dauphie's Magic Scroll Emporium.
   876 | D:1      | Found Potyt's Weapon Emporium.
   950 | D:1      | Reached XP level 3. HP: 21/23 MP: 3/3
  1034 | D:1      | Found Yhulerpha's Book Shop.
  1233 | D:1      | Found Adghedim's Antique Weapon Emporium.
  1416 | D:1      | Reached ** piety under Trog
  1419 | D:1      | Reached skill level 4 in Axes
  1592 | D:1      | Found Toilua's Book Shop.
  1772 | D:2      | Found a faded altar of an unknown god.
  2219 | D:2      | Reached XP level 4. HP: 26/28 MP: 4/4
  2452 | D:2      | Found Bicacs's Antique Weapon Shoppe.
  3173 | D:3      | Noticed a scorpion
  3189 | D:3      | Killed a scorpion
  3190 | D:3      | Reached skill level 5 in Axes
  3190 | D:3      | Reached XP level 5. HP: 20/32 MP: 5/5
  3651 | D:3      | Found Zin's Purification Station.
  3667 | D:3      | Found a glowing silver altar of Zin.
  3944 | D:4      | Noticed a phantom
  3962 | D:4      | Killed a phantom
  3963 | D:4      | Reached skill level 6 in Axes
  3963 | D:4      | Reached XP level 6. HP: 30/37 MP: 6/6
  4371 | D:4      | Reached *** piety under Trog
  4673 | D:4      | You fall into a shaft and drop 1 floor!
  4673 | D:5      | Entered Level 5 of the Dungeon
  4834 | D:4      | Reached skill level 7 in Axes
  4834 | D:4      | Reached XP level 7. HP: 41/41 MP: 7/7
  4991 | D:5      | Mangled by an ogre

Illustrated notes

Levels and vault maps discovered:
D:1:      kilobyte_arrival_exit_the_forest, layout_rooms, serial_rivers,
          chequers_serial_rivers_large_b, chequers_serial_rivers_room_b,
          chequers_serial_rivers_small_b, chequers_serial_rivers_room_a,
          chequers_serial_rivers_room_a, chequers_serial_rivers_room_a,
          serial_shops, nicolae_diamond_shop, nicolae_lakefront_shop, shop,
          nicolae_shop_waterfront, nicolae_shop_advertising_works
          [nicolae_subvault_shop_adworks]
D:2:      layout_loops_cross, serial_shops, nicolae_shop_waterfront,
          ebering_ecumenical_altar_mist, minmay_misc_feat_four_crosses
D:3:      layout_rooms, zin_purify, st_stairs_5
D:4:      layout_loops_cross
D:5:      layout_basic, nicolae_uskayaw_suspiria,
          mainiacjoe_overflow_cross_hatched, dk_noncrumbling_2,
          grunt_ministairs_10, minivault_14, uniq_eustachio, uniq_blork_the_orc,
          uniq_crazy_yiuf_cottage

Skill      XL: |  1  2  3  4  5  6 |
---------------+-------------------+-----
Axes           | 3 4 5 6 7 |  7.2
Fighting       | |  3.2
Armour         | |  2.1
Dodging        | |  1.5

Action                   |  1- 3 |  4- 6 |  7- 9 || total
-------------------------+-------+-------+-------++-------
Melee: Hand axe          |   117 |   201 |     9 ||   327
       Punch             |     3 |     1 |       ||     4
Armor: Animal skin       |    37 |    26 |       ||    63
       Ring mail         |       |    62 |     7 ||    69
Dodge: Dodged            |    67 |   106 |     9 ||   182
